 Dungeon Crawl Stone Soup version 0.14-a0-2162-g062a2ce (webtiles) character file.

2737 Jenx the Grappler (level 9, -15/80 HPs)
             Began as a Troll Monk on Jan 28, 2014.
             Was an Elder of Okawaru.
             Demolished by a two-headed ogre
             ... wielding a +0,+0 giant club
              (32 damage)
             ... on Level 8 of the Dungeon.
             The game lasted 00:15:29 (5386 turns).

Jenx the Grappler (Troll Monk)                      Turns: 5386, Time: 00:15:29

HP -15/80        AC  5     Str 21      XL: 9   Next: 23%
MP   4/4         EV 10     Int  6      God: Okawaru [****..]
Gold 339         SH  0     Dex 15      Spells:  0 memorised,  8 levels left

rFire  . . .     SeeInvis .       - Unarmed
rCold  . . .     Clarity  .     B - +0 robe
rNeg   + . .     Conserve .     (shield restricted)
rPois  .         rCorr    .     (helmet restricted)
rElec  .         rRot     .     (no cloak)
SustAb . .       Spirit   .     (gloves unavailable)
rMut   .         Warding  .     (boots unavailable)
Gourm  +         Stasis   .     (no amulet)
MR     .....                    (no ring)
                                u - cursed ring of positive energy

@: not resistant to hostile enchantments, unstealthy
A: unfitting armour, claws 3, fast metabolism 3, gourmand, regeneration 2,
saprovore 2, shaggy fur 1, tough skin 2
a: Heroism, Renounce Religion


You were on level 8 of the Dungeon.
You worshipped Okawaru.
Okawaru was greatly pleased with you.
You were full.

You visited 2 branches of the dungeon, and saw 9 of its levels.

You collected 339 gold pieces.

Inventory:

Hand weapons
 a - a -1 orcish blowgun
 c - a +3,+3 dagger of freezing
 s - a +2,+0 orcish trident of venom
 z - a +4,+2 quarterstaff of chaos
 C - a +2,+0 elven dagger
 J - a +2,+2 whip of electrocution
Missiles
 N - 21 poisoned needles
Armour
 l - a +0 cloak
 x - a +2 cloak of darkness
 B - a +0 robe (worn)
 I - a +0 buckler
Magical devices
 M - a wand of fireball (3) {unknown}
Comestibles
 b - 5 meat rations
 f - 4 pears
 i - an orange
 n - 4 bread rations
 w - a choko
Scrolls
 d - a scroll of blinking {unknown}
 g - 2 scrolls of immolation {unknown}
 h - 5 scrolls of teleportation
 m - 5 scrolls of remove curse
 o - a scroll of amnesia {unknown}
 p - 3 scrolls of fog {unknown}
 q - a scroll of curse armour {unknown}
 r - 2 scrolls of magic mapping {unknown}
 y - a scroll of curse jewellery {unknown}
 H - 2 scrolls of enchant weapon I {unknown}
 O - a scroll of noise {unknown}
 Q - a scroll of enchant weapon II {unknown}
Jewellery
 t - an uncursed ring of teleportation
 u - a cursed ring of positive energy (left claw)
 D - a cursed amulet of stasis
Potions
 e - a potion of flight
 j - a potion of lignification
 k - a potion of heal wounds
 v - a potion of poison {unknown}
 A - 3 potions of might
 E - 2 potions of mutation
 F - 3 potions of curing
 G - a potion of degeneration {unknown}
 K - a potion of brilliance {unknown}
 L - a potion of paralysis {unknown}
 U - a potion of resistance {unknown}


   Skills:
 - Level 2.4 Fighting
 - Level 2.4 Dodging
 - Level 1.1 Stealth
 * Level 12.7 Unarmed Combat


You had 8 spell levels left.
You didn't know any spells.

Dungeon Overview and Level Annotations

Branches:
Dungeon (8/16)             Temple (1/1) D:5
   Lair: D:8-11

Altars:
Ashenzari
Cheibriados
Dithmengos
Elyvilon
Fedhas
Kikubaaqudgha
Makhleb
Nemelex Xobeh
Okawaru
Sif Muna
Trog
Vehumet
Xom
Yredelemnul
Zin
The Shining One

Shops:
D:7 (


Innate Abilities, Weirdness & Mutations

You are too large for most types of armour.
You have claws for hands.
Your metabolism is lightning-fast.
You like to eat raw meat.
You heal very quickly.
You can eat rotten meat.
You are covered in fur (AC +1).
You have very tough skin (AC +2).


Message History

Found an escape hatch in the floor.
The two-headed ogre shouts in stereo!
The two-headed ogre hits you with a giant club!
The two-headed ogre hits you with a giant spiked club!
You claw the two-headed ogre!
The two-headed ogre begins to bleed from its wounds!
The two-headed ogre is lightly wounded.
A centaur comes into view.
You barely miss the two-headed ogre.
The two-headed ogre is moderately wounded.
The two-headed ogre closely misses you.
The two-headed ogre hits you with a giant spiked club!
The centaur wields a runed bow.
It bursts into flame!
The centaur shoots an arrow of flame.
The arrow of flame hits you!
* * * LOW HITPOINT WARNING * * *
You hit the two-headed ogre.
The two-headed ogre is moderately wounded.
The centaur shoots an arrow of flame.
The arrow of flame misses you.
The two-headed ogre hits you with a giant club!
You die...

### #.........# .
#.........# #
#.........#
#.........#
######'####
##....# #..####
##.#########
#..@........
...'.....O.......
c.###.......>..
#..........
#..........
##########


You could see a two-headed ogre (bleeding) and a centaur.

Vanquished Creatures
  Pikel (D:6)
  Menkaure (D:6)
  An orc warrior (D:6)
  Purgy (D:4)
  A slave (D:6)
  An ice beast (D:6)
  A centaur (D:6)
  An ogre (D:6)
  Sigmund (D:5)
  A giant frog (D:8)
  A crimson imp (D:8)
  8 wights (D:7)
  2 goliath beetles
  A jelly (D:7)
  3 hounds
  Crazy Yiuf (D:6)
  A centaur zombie (D:5)
  2 orc priests
  A centaur skeleton (D:7)
  A two-headed ogre skeleton (D:7)
  An orc wizard (D:7)
  3 scorpions
  3 worker ants
  A sky beast zombie (D:7)
  A big kobold skeleton (D:8)
  Terence (D:2)
  3 gnolls (D:6)
  12 adders
  A steam dragon skeleton (D:8)
  2 inept feature mimics
  A giant mite (D:6)
  2 worms
  An iguana skeleton (D:6)
  An adder skeleton (D:6)
  A giant eyeball (D:5)
  An orc skeleton (D:5)
  4 giant geckos
  An ooze (D:4)
  15 orcs
  5 giant cockroaches
  A gnoll zombie (D:5)
  11 goblins
  2 hobgoblins
  14 jackals
  12 kobolds
  4 quokkas
  3 ball pythons
  14 bats
  3 giant newts
  A goblin zombie (D:5)
  2 hobgoblin zombies (D:6)
  A kobold skeleton (D:4)
  An orc zombie (D:6)
  10 rats
170 creatures vanquished.

Vanquished Creatures (others)
  An ice beast (D:6)
  A hound (D:6)
  A goblin (D:6)
  A quokka (D:6)
4 creatures vanquished.

Grand Total: 174 creatures vanquished

Notes
Turn   | Place    | Note
--------------------------------------------------------------
     0 | D:1      | Jenx, the Troll Monk, began the quest for the Orb.
     0 | D:1      | Reached XP level 1. HP: 22/22 MP: 1/1
   170 | D:1      | Reached XP level 2. HP: 29/29 MP: 1/1
   548 | D:2      | Noticed Terence
   564 | D:2      | Killed Terence
   564 | D:2      | Reached skill level 5 in Unarmed Combat
   564 | D:2      | Reached XP level 3. HP: 36/36 MP: 2/2
   874 | D:2      | Found a shattered altar of Ashenzari.
  1103 | D:3      | Reached XP level 4. HP: 41/44 MP: 2/2
  1270 | D:3      | Reached skill level 6 in Unarmed Combat
  1298 | D:3      | Reached XP level 5. HP: 45/50 MP: 2/2
  1906 | D:4      | Noticed Purgy
  1919 | D:4      | Killed Purgy
  1919 | D:4      | Reached skill level 7 in Unarmed Combat
  1919 | D:4      | Reached XP level 6. HP: 34/59 MP: 3/3
  2469 | D:5      | Entered Level 5 of the Dungeon
  2559 | D:5      | Noticed Sigmund
  2571 | D:5      | Killed Sigmund
  2575 | D:5      | Reached skill level 8 in Unarmed Combat
  2648 | D:5      | Paralysed by a giant eyeball for 3 turns
  2682 | D:5      | Found a staircase to the Ecumenical Temple.
  2698 | Temple   | Entered the Ecumenical Temple
  2881 | Temple   | Became a worshipper of Warmaster Okawaru
  2881 | Temple   | Acquired Okawaru's first power
  3103 | D:5      | Reached XP level 7. HP: 60/66 MP: 3/3
  3536 | D:6      | Noticed Crazy Yiuf
  3542 | D:6      | Killed Crazy Yiuf
  3542 | D:6      | Reached skill level 9 in Unarmed Combat
  3667 | D:6      | Noticed Pikel
  3681 | D:6      | Killed Pikel
  3681 | D:6      | Reached skill level 10 in Unarmed Combat
  3681 | D:6      | Reached XP level 8. HP: 21/74 MP: 3/3
  3796 | D:6      | Noticed Menkaure
  3805 | D:6      | Killed Menkaure
  3877 | D:6      | Reached skill level 11 in Unarmed Combat
  4395 | D:7      | Reached skill level 12 in Unarmed Combat
  4450 | D:7      | Reached XP level 9. HP: 60/80 MP: 4/4
  4459 | D:7      | Found Kujisuta's Weapon Boutique.
  5027 | D:7      | Found a white marble altar of Elyvilon.
  5037 | D:7      | Found a radiant altar of Vehumet.
  5104 | D:8      | Found a bloodstained altar of Trog.
  5243 | D:8      | Noticed a hill giant
  5386 | D:8      | Demolished by a two-headed ogre

Action                   |  1- 3 |  4- 6 |  7- 9 || total
-------------------------+-------+-------+-------++-------
Melee: Unarmed           |    75 |   173 |   185 ||   433
Invok: Heroism           |       |       |     1 ||     1
  Use: Scroll            |       |     6 |     7 ||    13
 Stab: Sleeping          |     1 |     2 |     1 ||     4
